 Dungeon Crawl Stone Soup version 0.17-a0-777-g32247ce (webtiles) character file.

74 Ladykiller69 the Skirmisher (level 4, -1/30 HPs)
             Began as a Gargoyle Fighter on Apr 25, 2015.
             Killed by nerve-wracking pain
             ... invoked by Grinder
              (14 damage)
             ... on level 3 of the Dungeon.
             The game lasted 00:09:08 (1974 turns).

Ladykiller69 the Skirmisher (Gargoyle Fighter)      Turns: 1974, Time: 00:09:09

Health: -1/30      AC: 10    Str: 21    XL:     4   Next: 28%
Magic:  4/4        EV:  7    Int:  8    God:
Gold:   107        SH:  9    Dex:  9    Spells: 0 memorised, 3 levels left

rFire  . . .     SeeInvis .       - Unarmed
rCold  . . .     Clarity  .     a - +0 scale mail
rNeg   + . .     SustAb   .     b - +0 shield
rPois  ∞         Gourm    .     (no helmet)
rElec  +         Spirit   .     (no cloak)
rCorr  .         Warding  .     (no gloves)
rMut   .         Stasis   .     (no boots)
MR     .....                    (no amulet)
Stlth  ..........               (no ring)
                                (no ring)

@: not resistant to hostile enchantments, extremely unstealthy
A: negative energy resistance 1, electricity resistance, unbreathing,
petrification resistance, rot immunity, AC +3
a: no special abilities


You were on level 3 of the Dungeon.
You were not hungry.

You visited 1 branch of the dungeon, and saw 3 of its levels.

You collected 107 gold pieces.

Inventory:

Armour
 a - a +0 scale mail (worn)
 b - a +0 shield (worn)
Scrolls
 e - a scroll of random uselessness {unknown}
 g - a scroll of immolation {unknown}
 h - a scroll of amnesia {unknown}
 k - 2 scrolls of identify {unknown}
 m - 4 scrolls of remove curse {unknown}
 n - a scroll of magic mapping {unknown}
 q - a scroll of enchant weapon {unknown}
 r - a scroll of recharging {unknown}
 s - a scroll of teleportation {unknown}
Potions
 c - a potion of might
 j - 2 potions of brilliance {unknown}
 l - 2 potions of agility {unknown}
 o - 2 potions of mutation {unknown}
 p - a potion of cancellation {unknown}
Books
 u - a book of the Earth

   Spells                             Type                      Level
   a - Leda's Liquefaction            Hexes/Earth                  4
   b - Bolt of Magma                  Conjuration/Fire/Earth       5
   c - Statue Form                    Transmutation/Earth          6
   d - Iron Shot                      Conjuration/Earth            6
   e - Shatter                        Earth                        9
Comestibles
 d - 4 bread rations
 f - 8 fruits
 i - 3 meat rations
 t - a chunk of flesh


   Skills:
 + Level 4.3 Fighting
 - Level 4.0 Armour
 - Level 3.2 Shields
 * Level 2.8 Unarmed Combat


You had 3 spell levels left.
You didn't know any spells.

Dungeon Overview and Level Annotations

Branches:
Dungeon (3/15)

Altars:
Ashenzari
Cheibriados
Elyvilon
Kikubaaqudgha
Qazlal

Annotations:
D:2 Terence
D:3 Grinder


Innate Abilities, Weirdness & Mutations

You are resistant to torment.
Your stone body is resilient (AC +3).
You are immune to poison.
You resist negative energy.
You are resistant to electric shocks.
You can survive without breathing.
You are immune to petrification.
You are immune to rotting.


Message History

Grinder gestures at you.
You suddenly lose the ability to move!
Grinder gestures.
Grinder blinks!
Grinder hits you but does no damage.
You can move again.
Unknown command.
Grinder gestures.
Grinder blinks!
Sorry, you're not good enough to have a special ability.
Unknown command.
Grinder gestures at you. Pain shoots through your body!
Grinder gestures at you. Pain shoots through your body!
Grinder gestures at you.
You barely resist. Grinder gestures at you. Pain shoots through your body!
You die...

####..#.....#..##....###.##
..............###....##..#
.........##.....#....##.####
...........................#
#####...###..##.###.....####
...##...#######...#.....#
##..##...## ###.......#
##...##..########......#
#...)......5...@.......#
#.......##.......#.....#
###..######.....##.....#
#### ##############


You could see Grinder.

Vanquished Creatures
  2 adders (D:2)
  2 worms
  2 giant geckos
  2 ball pythons
  2 bats
  5 giant cockroaches
  7 goblins
  6 hobgoblins
  2 jackals (D:3)
  A giant newt (D:2)
  10 kobolds
  5 rats
46 creatures vanquished.

Notes
Turn   | Place    | Note
--------------------------------------------------------------
     0 | D:1      | Ladykiller69, the Gargoyle Fighter, began the quest for the Orb.
     0 | D:1      | Reached XP level 1. HP: 14/14 MP: 1/1
   221 | D:1      | Reached XP level 2. HP: 14/19 MP: 2/2
   737 | D:2      | Reached XP level 3. HP: 21/24 MP: 3/3
   757 | D:2      | Reached skill level 4 in Fighting
   988 | D:2      | Noticed Terence
  1360 | D:3      | Found a shattered altar of Ashenzari.
  1361 | D:3      | Found a white marble altar of Elyvilon.
  1384 | D:3      | Found a stormy altar of Qazlal.
  1384 | D:3      | Found an ancient bone altar of Kikubaaqudgha.
  1386 | D:3      | Found a snail-covered altar of Cheibriados.
  1571 | D:3      | Reached XP level 4. HP: 26/29 MP: 4/4
  1594 | D:3      | Noticed Grinder
  1647 | D:3      | Paralysed by Grinder for 3 turns
  1922 | D:3      | Paralysed by Grinder for 6 turns
  1939 | D:3      | Paralysed by Grinder for 5 turns
  1974 | D:3      | Killed from afar by Grinder

Action                   |  1- 3 |  4- 6 || total
-------------------------+-------+-------++-------
Melee: Unarmed           |   227 |    55 ||   282
  Eat: Chunk             |     2 |     2 ||     4
